 Dungeon Crawl Stone Soup version 0.23-a0-119-ga86c9e7f02 (webtiles) character file.

353 Kolash the Covert (level 6, 0/42 HPs)
             Began as a Spriggan Enchanter on Aug 25, 2018.
             Succumbed to an orc's poison
             ... on level 5 of the Dungeon.
             The game lasted 00:14:01 (4842 turns).

Kolash the Covert (Spriggan Enchanter)              Turns: 4842, Time: 00:14:02

Health: 0/42       AC:  3    Str: 11    XL:     6   Next: 35%
Magic:  14/14      EV: 19    Int: 18    God:
Gold:   15         SH:  0    Dex: 18    Spells: 2/14 levels left

rFire    . . .     SeeInvis +   f - +6 short sword (elec)
rCold    . . .     Gourm    .   (shield restricted)
rNeg     . . .     Faith    .   b - +0 robe
rPois    .         Spirit   .   (helmet restricted)
rElec    .         Reflect  .   (no cloak)
rCorr    .         Harm     .   (gloves unavailable)
MR       +....                  (boots unavailable)
Stlth    ..........             (no amulet)
HPRegen  0.14/turn              k - ring of the Octopus King {Wiz AC+1 EV+1 Str+1 Int+1 Dex+1}
MPRegen  0.14/turn              (no ring)

@: berserking, lethally poisoned (0 -> -19), very quick
A: very small, unfitting armour, see invisible, herbivore, speed 3, slow
metabolism 2
a: no special abilities


You were on level 5 of the Dungeon.
You were not hungry.

You visited 1 branch of the dungeon, and saw 5 of its levels.

You collected 201 gold pieces.
You spent 186 gold pieces at shops.

Inventory:

Hand Weapons
 f - a +6 short sword of electrocution (weapon)
Armour
 b - a +0 robe (worn)
Jewellery
 k - a ring of the Octopus King (left hand) {Wiz AC+1 EV+1 Str+1 Int+1 Dex+1}
   (You bought it in a shop on level 4 of the Dungeon)

   [ring of wizardry]

   It improves your spell success rate.
   It affects your AC (+1).
   It affects your evasion (+1).
   It affects your strength (+1).
   It affects your intelligence (+1).
   It affects your dexterity (+1).
Wands
 h - a wand of disintegration (16)
Scrolls
 c - a scroll of magic mapping
 i - a scroll of teleportation
 j - a scroll of identify
Potions
 a - a potion of resistance
 e - 2 potions of haste
 g - 2 potions of berserk rage
 l - a potion of agility
Comestibles
 d - 5 rations


   Skills:
 - Level 1.1 Short Blades
 - Level 3.0 Dodging
 + Level 8.3 Stealth
 - Level 4.8 Spellcasting
 - Level 5.3 Hexes


You had 2 spell levels left.
You knew the following spells:

 Your Spells              Type           Power        Failure   Level  Hunger
a - Ensorcelled Hibernat  Hex/Ice        ##....       2%          2    #......
b - Corona                Hex            ###....      1%          1    None
c - Confuse               Hex            ###.....     1%          3    ###....
d - Tukima's Dance        Hex            ###.....     1%          3    ###....
e - Dazzling Spray        Conj/Hex       ##....       6%          3    ###....

Your spell library contained the following spells:

 Spells                   Type           Power        Failure   Level  Hunger


Dungeon Overview and Level Annotations

Branches:
Dungeon (5/15)
 Temple: D:4-7

Altars:
Ashenzari
Elyvilon
Kikubaaqudgha
Nemelex Xobeh
Okawaru
Ru
Trog
Yredelemnul
Zin

Shops:
D:4 *(


Innate Abilities, Weirdness & Mutations

You are very small and have problems with some larger weapons.
You are too small for most types of armour.
You have supernaturally acute eyesight. (SInv)
You are a herbivore.
You cover ground extremely quickly.
You need to consume almost no food.


Message History

Unknown command.
You hit the orc priest.
The orc priest is moderately wounded.
The orc hits you with a war axe of venom.
* * * LOW HITPOINT WARNING * * *
You are lethally poisoned!
The orc wizard looks encouraged for a moment.
The orc priest mumbles some strange prayers to Beogh against you.
You resist with significant effort.
A red film seems to cover your vision as you go berserk!
You feel yourself moving faster!
You feel mighty!
You feel sick.
The orc hits you with a war axe of venom.
* * * LOW HITPOINT WARNING * * *
You are more poisoned.
The orc wizard casts a spell.
The orc wizard seems to speed up.
The orc priest hits you with a club.
* * * LOW HITPOINT WARNING * * *
You hit the orc priest.
The orc priest is severely wounded.
You die...

##### ....... #..
.. #.# .######.#
####.# #ooY.....
#....# #@#
#....#####o#####.#
#....##..$o.......
#.............o...
##...............#
#....#..........#
#....#..........#
#...#############
#.......#


You could see an ice beast, an orc priest, an orc wizard and 2 orcs.

Vanquished Creatures
  A howler monkey (D:4)
  A hound (D:5)
  An orc priest (D:4)
  An orc wizard (D:4)
  A worker ant (D:4)
  Robin (D:2)
  10 adders
  2 worms
  A dart slug (D:3)
  4 leopard geckos
  3 orcs
  2 ball pythons
  4 bats
  2 giant cockroaches (D:3)
  16 goblins
  13 hobgoblins
  8 jackals
  4 kobolds
  A quokka (D:2)
  3 frilled lizards (D:1)
  15 rats
94 creatures vanquished.

Notes
Turn   | Place    | Note
-------+----------+-------------------------------------------
     0 | D:1      | Kolash the Spriggan Enchanter began the quest for the Orb.
     0 | D:1      | Reached XP level 1. HP: 9/9 MP: 5/5
   388 | D:1      | Reached XP level 2. HP: 13/13 MP: 7/7
   392 | D:1      | Learned a level 2 spell: Ensorcelled Hibernation
  1020 | D:1      | Reached XP level 3. HP: 12/16 MP: 9/9
  1553 | D:2      | Found a faded altar of an unknown god.
  1721 | D:2      | Noticed Robin
  1748 | D:2      | Killed Robin
  1748 | D:2      | Reached XP level 4. HP: 15/21 MP: 6/11
  1768 | D:2      | Reached skill level 5 in Hexes
  2217 | D:2      | Found a bloodstained altar of Trog.
  2220 | D:2      | Found an iron altar of Okawaru.
  2220 | D:2      | Found a sparkling altar of Nemelex Xobeh.
  2223 | D:2      | Found a basalt altar of Yredelemnul.
  2227 | D:2      | Found a shattered altar of Ashenzari.
  2961 | D:3      | Reached XP level 5. HP: 24/24 MP: 13/13
  3047 | D:3      | Reached skill level 5 in Stealth
  3444 | D:3      | Found an ancient bone altar of Kikubaaqudgha.
  3449 | D:3      | Found a glowing silver altar of Zin.
  3453 | D:3      | Found a white marble altar of Elyvilon.
  3655 | D:4      | Learned a level 3 spell: Confuse
  3659 | D:4      | Learned a level 3 spell: Tukima's Dance
  3663 | D:4      | Learned a level 3 spell: Dazzling Spray
  3672 | D:4      | Reached skill level 6 in Stealth
  3701 | D:4      | Reached skill level 7 in Stealth
  4233 | D:4      | Found a sacrificial altar of Ru.
  4320 | D:4      | Found Feguoj's Antique Weapon Boutique.
  4324 | D:4      | Reached XP level 6. HP: 28/28 MP: 14/14
  4526 | D:4      | Found Dyubiqee's Assorted Antiques.
  4528 | D:4      | Reached skill level 8 in Stealth
  4530 | D:4      | Bought a scroll labeled KIUBBA WULYGH for 27 gold pieces
  4530 | D:4      | Bought a fuming amethyst potion for 24 gold pieces
  4761 | D:4      | Bought a ring of the Octopus King for 135 gold pieces
  4761 | D:4      | Found the ring of the Octopus King
  4761 | D:4      | Identified a ring of the Octopus King {Wiz AC+1 EV+1 Str+1 Int+1 Dex+1} (You bought it in a shop on level 4 of the Dungeon)
  4801 | D:5      | Entered Level 5 of the Dungeon
  4836 | D:5      | Noticed an ice beast
  4841 | D:5      | HP: 1/42 [orc priest/club (3)]
  4842 | D:5      | Succumbed to an orc's poison

Vault maps used:
D:1:      matt_arrival_spirals, minmay_three_crescents
D:2:      grunt_temple_overflow_open, chequers_ecumenical_altar_island,
          uniq_robin
D:3:      minitemple, first_ration
D:4:      serial_shops, shop, shop, kennysheep_cross_room,
          minmay_misc_feat_secret_circle, hangedman_ru_absence
D:5:      gup_sewer_entry_spiral, saegor_snake_ambush

Skill      XL: |  1  2  3  4  5  6 |
---------------+-------------------+-----
Spellcasting   | 3 4 |  4.8
Hexes          | 4 5 |  5.3
Stealth        | 7 8 |  8.3
Short Blades   | |  1.1
Dodging        | |  3.0

Action                   |  1- 3 |  4- 6 || total
-------------------------+-------+-------++-------
Melee: Dagger            |   131 |    44 ||   175
       Short sword       |       |    99 ||    99
 Cast: Corona            |     3 |       ||     3
       Ensorcelled Hiber |    16 |    18 ||    34
       Dazzling Spray    |       |     4 ||     4
  Use: Scroll            |     3 |     9 ||    12
       Potion            |       |     7 ||     7
 Stab: Sleeping          |    18 |    30 ||    48
       Distracted        |     1 |     2 ||     3
  Eat: Ration            |       |     2 ||     2
Armor: Robe              |    12 |     5 ||    17
Dodge: Dodged            |   106 |   106 ||   212

Table legend:
 A = Non-vault XP
 B = Vault XP
 C = Vault XP percentage of total XP
 D = Non-vault monster count
 E = Vault monster count
 F = Vault count percentage of total count
                 A         B        C        D         E       F
            +---------+---------+-------+---------+---------+-------
      Total |     461 |      44 |   8.7 |      77 |      17 |  18.1
            +---------+---------+-------+---------+---------+-------
        D:1 |      44 |       9 |  17.0 |      26 |       6 |  18.8
        D:2 |      89 |      35 |  28.2 |      18 |      11 |  37.9
        D:3 |      80 |       0 |   0.0 |      22 |       0 |   0.0
        D:4 |     203 |       0 |   0.0 |       9 |       0 |   0.0
        D:5 |      45 |       0 |   0.0 |       2 |       0 |   0.0
            +---------+---------+-------+---------+---------+-------
